 Dungeon Crawl Stone Soup version 0.23-a0-831-g5da158a (webtiles) character file.

3781 Copingsaw the Cleaver (level 10, 0/124 HPs)
             Began as a Barachi Fighter on Jan 23, 2019.
             Succumbed to a killer bee's poison
             ... on level 8 of the Dungeon.
             The game lasted 00:26:40 (8695 turns).

Copingsaw the Cleaver (Barachi Fighter)             Turns: 8695, Time: 00:26:40

Health: 0/124      AC:  8    Str: 25    XL:     10   Next: 16%
Magic:  1/10       EV:  8    Int:  9    God:
Gold:   258        SH: 10    Dex: 12    Spells: 9/9 levels left

rFire    . . .     SeeInvis +   a - +0 war axe
rCold    . . .     Gourm    .   c - +0 shield
rNeg     . . .     Faith    .   i - +0 scale mail
rPois    .         Spirit   +   (no helmet)
rElec    .         Reflect  .   A - scarf {Spirit}
rCorr    .         Harm     .   F - +0 pair of gloves
MR       .....                  (no boots)
Stlth    ..........             e - amulet of magic regeneration
HPRegen  0.30/turn              z - ring of see invisible
MPRegen  0.37/turn              (no ring)

@: berserking, lethally poisoned (0 -> -35), can't hop, hasted, quick
A: +LOS, swims, deterioration 1, mutation resistance 1, screaming 1, slowness 1,
strong legs 1
a: Hop


You were on level 8 of the Dungeon.
You were very hungry.

You visited 2 branches of the dungeon, and saw 9 of its levels.
You also visited: Sewer.

You collected 258 gold pieces.

Inventory:

Hand Weapons
 a - a +0 war axe (weapon)
 b - a +0 hunting sling
 u - a +3 short sword
 D - a +2 falchion of slicing
 G - a +2 hunting sling of flaming
Missiles
 h - 53 sling bullets
Armour
 c - a +0 shield (worn)
 i - a +0 scale mail (worn)
 A - a scarf of spirit shield (worn)
 F - a +0 pair of gloves (worn)
Jewellery
 e - an amulet of magic regeneration (around neck)
 z - a ring of see invisible (left hand)
 K - a +4 ring of dexterity {unknown}
Wands
 p - a wand of polymorph (11)
 B - a wand of random effects (13)
 E - a wand of scattershot (7)
 H - a wand of paralysis (18)
 J - a wand of digging (3)
Scrolls
 g - 3 scrolls of magic mapping
 j - 5 scrolls of remove curse
 k - 4 scrolls of identify
 o - a scroll of enchant weapon {unknown}
 q - 2 scrolls of fog
 r - 4 scrolls of fear
 t - a scroll of teleportation
 w - a scroll of blinking
 y - 2 scrolls of enchant armour {unknown}
Potions
 d - 5 potions of might
 l - 5 potions of brilliance
 m - 4 potions of haste
 n - a potion of lignification {unknown}
 s - 3 potions of heal wounds
 v - 2 potions of berserk rage
 x - a potion of curing
 C - a potion of ambrosia {unknown}
 I - a potion of flight {unknown}
 L - a potion of invisibility {unknown}
Comestibles
 f - 14 rations


   Skills:
 + Level 9.4 Fighting
 + Level 12.5 Axes
 - Level 4.6 Armour
 - Level 1.2 Dodging
 - Level 4.7 Shields


You had 9 spell levels left.
You didn't know any spells.
Your spell library was empty.

Dungeon Overview and Level Annotations

Branches:
Dungeon (8/15)             Temple (1/1) D:6
   Lair: D:8-11

Altars:
Ashenzari
Dithmenos
Elyvilon
Fedhas
Gozag
Hepliaklqana
Kikubaaqudgha
Makhleb
Nemelex Xobeh
Qazlal
Ru
Sif Muna
Trog
Uskayaw
Wu Jian
Xom
Yredelemnul
Zin
The Shining One

Shops:
D:3 *

Annotations:
D:7 1 runed door, acutertriangle's ghost, amateur MfVM


Innate Abilities, Weirdness & Mutations

Shadows flee at your approach. (+LOS)
You can swim through water.
You cover ground slowly.
You can hop short distances.
Your body sometimes deteriorates upon taking damage.
You are somewhat resistant to further mutation.
You occasionally shout uncontrollably at your foes.


Message History

You block the killer bee's attack. x2; The killer bee stings you.
* * * LOW HITPOINT WARNING * * *
The killer bee stings you but does no damage.
You slash the killer bee!
You kill the killer bee!
You miss the killer bee. You slash the killer bee!
You kill the killer bee!
Your shield prevents you from hitting the killer bee.
* * * LOW HITPOINT WARNING * * *
You feel very sick. You block the killer bee's attack.
The killer bee barely misses you.
You are too berserk!
You slash the killer bee!
You kill the killer bee!
You barely miss the killer bee.
* * * LOW HITPOINT WARNING * * *
You feel sick. The killer bee barely misses you.
You slice the killer bee!!
You kill the killer bee!
You die...

############ ###
#..........# #.. #
#..........### #..
#.#............######..
#.....††..####....##...
##....@....#####.......
#....[†..........#....
..............###.....###
....................###..
................##.......
....#..............#..###
.###.........#.##.......
.......(...#.##.#..#...
#§..........#......##...


There were no monsters in sight!

Vanquished Creatures
  A wyvern (D:8)
  Eustachio (D:4)
  A hungry ghost (D:7)
  Duvessa (D:6)
  A water moccasin (D:7)
  An ice beast (D:7)
  2 black bears
  An eye of draining (D:6)
  An orc warrior (D:6)
  2 phantoms
  2 sky beasts (D:8)
  A necrophage (D:8)
  3 ogres
  A centaur (D:5)
  3 bullfrogs
  Dowan (D:6)
  A wyvern skeleton (D:7)
  2 scorpions
  A water moccasin skeleton (D:5)
  8 killer bees
  A howler monkey (D:5)
  3 crimson imps
  5 hounds
  4 orc priests
  5 orc wizards
  3 jellies
  An iguana (D:6)
  4 worker ants
  A hound skeleton (D:6)
  A worker ant zombie (D:6)
  12 adders
  6 river rats (Sewer)
  2 shadow imps
  4 oozes
  An adder skeleton (D:5)
  A worm (D:3)
  3 dart slugs
  5 leopard geckos
  23 orcs
  4 giant cockroaches
  10 goblins
  6 hobgoblins
  7 jackals
  4 quokkas
  12 ball pythons
  3 bats
  8 frilled lizards
  A jackal skeleton (D:4)
  9 kobolds
  A leopard gecko skeleton (D:5)
  A leopard gecko zombie (D:6)
  A quokka skeleton (D:8)
  29 rats
216 creatures vanquished.

Vanquished Creatures (others)
  2 withered plants (D:7)
2 creatures vanquished.

Grand Total: 218 creatures vanquished

Notes
Turn   | Place    | Note
-------+----------+-------------------------------------------
     0 | D:1      | Copingsaw the Barachi Fighter began the quest for the Orb.
     0 | D:1      | Reached XP level 1. HP: 18/18 MP: 1/1
    80 | D:1      | Reached XP level 2. HP: 13/25 MP: 2/2
   710 | D:1      | Reached XP level 3. HP: 26/30 MP: 3/3
  1289 | D:2      | Reached skill level 3 in Axes
  1310 | D:2      | Reached XP level 4. HP: 20/37 MP: 4/4
  1719 | D:2      | Found a blossoming altar of Fedhas.
  2178 | D:3      | Found Zin's Purification Station.
  2182 | D:3      | Found a glowing silver altar of Zin.
  2187 | D:3      | Reached XP level 5. HP: 41/42 MP: 5/5
  2509 | D:4      | Found a glowing drain.
  2530 | Sewer    | Entered a sewer
  2557 | Sewer    | Reached skill level 4 in Axes
  2971 | Sewer    | Reached skill level 1 in Dodging
  3168 | Sewer    | Reached XP level 6. HP: 48/48 MP: 6/6
  3235 | Sewer    | Reached skill level 5 in Axes
  3590 | D:4      | Noticed Eustachio
  3598 | D:4      | Reached XP level 7. HP: 46/55 MP: 7/7
  3603 | D:4      | Reached skill level 6 in Axes
  3737 | D:4      | Killed Eustachio
  3737 | D:4      | Reached skill level 5 in Fighting
  3996 | D:4      | Reached skill level 7 in Axes
  4314 | D:5      | Entered Level 5 of the Dungeon
  4430 | D:5      | Found a sacrificial altar of Ru.
  4500 | D:5      | Reached XP level 8. HP: 58/64 MP: 8/8
  4747 | D:5      | Reached skill level 8 in Axes
  5347 | D:6      | Reached skill level 9 in Axes
  5423 | D:6      | Found a staircase to the Ecumenical Temple.
  5469 | Temple   | Entered the Ecumenical Temple
  5784 | D:6      | Noticed Duvessa
  5798 | D:6      | Noticed Dowan
  5803 | D:6      | Killed Duvessa
  5814 | D:6      | Killed Dowan
  5814 | D:6      | Reached skill level 10 in Axes
  5814 | D:6      | Reached XP level 9. HP: 57/72 MP: 9/9
  6089 | D:6      | Gained mutation: Your mind is acute. (Int +2) [potion of
                  | mutation]
  6089 | D:6      | Gained mutation: You have sharp toenails. [potion of
                  | mutation]
  6090 | D:6      | Lost mutation: You have sharp toenails. [potion of
                  | mutation]
  6090 | D:6      | Lost mutation: Your mind is acute. (Int +2) [potion of
                  | mutation]
  6090 | D:6      | Gained mutation: You occasionally shout uncontrollably at
                  | your foes. [potion of mutation]
  6090 | D:6      | Gained mutation: Your body sometimes deteriorates upon
                  | taking damage. [potion of mutation]
  6090 | D:6      | Gained mutation: You are somewhat resistant to further
                  | mutation. [potion of mutation]
  6895 | D:7      | Found a runed door.
  6895 | D:7      | Noticed acutertriangle's ghost (amateur MfVM)
  6910 | D:7      | Reached skill level 11 in Axes
  8329 | D:8      | Reached skill level 12 in Axes
  8341 | D:8      | Reached XP level 10. HP: 31/83 MP: 5/10
  8693 | D:8      | HP: 4/124 [poisoned by a killer bee]
  8695 | D:8      | Succumbed to a killer bee's poison

Vault maps used:
D:1:      minmay_arrival_jagged
D:2:      fedhas_altar_fruit_tree, minmay_octomino_c4
D:3:      zin_purify
D:4:      cheibrodos_sewer_entry_drain, uniq_eustachio
D:5:      nicolae_ru_awakened_eye, first_ration
D:6:      temple_fountains, kennysheep_donut, uniq_duvessa
D:7:      gammafunk_ghost_grave
D:8:      serial_undead, serial_undead_c, serial_undead_b, serial_undead_d,
          serial_undead_f, david_nohive_1
Temple:   nicolae_temple_elliptical
Sewer:    sewer_minmay_w

Skill      XL: |  1  2  3  4  5  6  7  8  9 |
---------------+----------------------------+-----
Fighting       | 4 5 7 9 |  9.4
Shields        | 4 |  4.7
Axes           | 3 4 5 7 10 12 | 12.5
Armour         | 4 |  4.6
Dodging        | 1 |  1.2

Action                   |  1- 3 |  4- 6 |  7- 9 | 10-12 || total
-------------------------+-------+-------+-------+-------++-------
Melee: War axe           |   129 |   233 |   446 |    37 ||   845
 Abil: Hop               |       |       |       |     1 ||     1
  Use: Scroll            |       |    12 |     5 |       ||    17
       Potion            |       |       |     3 |     5 ||     8
  Eat: Chunk             |     1 |     9 |     8 |       ||    18
       Ration            |       |       |     5 |       ||     5
Armor: Scale mail        |    64 |   102 |   161 |    43 ||   370
Dodge: Dodged            |    36 |    77 |   135 |    46 ||   294
Block: Shield            |    73 |   119 |   187 |    50 ||   429

Table legend:
 A = Non-vault XP
 B = Vault XP
 C = Vault XP percentage of total XP
 D = Non-vault monster count
 E = Vault monster count
 F = Vault count percentage of total count
                 A         B        C        D         E       F
            +---------+---------+-------+---------+---------+-------
      Total |    4119 |    1283 |  23.8 |     150 |      66 |  30.6
            +---------+---------+-------+---------+---------+-------
        D:1 |      39 |       0 |   0.0 |      22 |       0 |   0.0
        D:2 |      76 |      31 |  29.0 |      19 |       7 |  26.9
        D:3 |      31 |       0 |   0.0 |       9 |       0 |   0.0
        D:4 |     378 |     206 |  35.3 |      18 |       3 |  14.3
        D:5 |     305 |       0 |   0.0 |      13 |       0 |   0.0
        D:6 |     883 |     234 |  20.9 |      26 |       2 |   7.1
        D:7 |    1618 |       0 |   0.0 |      33 |       0 |   0.0
        D:8 |     789 |     441 |  35.9 |      10 |       6 |  37.5
      Sewer |       0 |     371 | 100.0 |       0 |      48 | 100.0
            +---------+---------+-------+---------+---------+-------
